Map: Abyssal Reef LE

Players

Moja

  • Race: Terran Terran
  • League: Grandmaster
  • Spawn Location: 11:00

SumProduct - Winner!

  • Race: Zerg Zerg
  • League: Grandmaster
  • Spawn Location: 5:00

VOD

Have the link to the VOD?

Description

Time

  • Played on: April 9, 2025, 6:13 p.m.
  • Length: 12:58
Show
View Real Time Build Order
Export as new Build Order

Moja Terran 

Build Orders:  

Get SALT Encoding   

  12  0:00  SCV  
  13  0:12  SCV  
  14  0:18  Supply Depot  
  14  0:26  SCV  
  15  0:42  Barracks  
  15  0:52  Barracks  
  15  0:55  SCV  
  16  1:01  Refinery  
  16  1:07  SCV  
  17  1:19  SCV  
  18  1:28  Marine  
  18  1:31  Orbital Command  
  19  1:35  Supply Depot  
  19  1:39  Marine  
  20  1:46  Marine  
  21  1:50  Bunker  
  21  1:56  Marine  
  21  2:00  SCV  
  23  2:07  Marine  
  24  2:12  SCV  
  24  2:14  Marine  
  24  2:15  Bunker  
  26  2:23  Factory  
  26  2:25  SCV  
  30  2:37  SCV  
  28  2:52  SCV  
  28  2:58  Command Center  
  29  3:02  Supply Depot  
  29  3:04  SCV  
  30  3:07  Refinery  
  30  3:09  Factory Reactor  
  30  3:16  SCV  
  31  3:28  SCV  
  31  3:30  Starport  
  32  3:40  SCV  
  33  3:45  Supply Depot  
  33  3:46  Hellion x2  
  37  3:52  SCV  
  38  4:04  SCV  
  39  4:15  Hellion x2, Medivac  
  39  4:16  Orbital Command, SCV  
  44  4:24  Barracks Tech Lab  
  42  4:29  SCV  
  43  4:37  Hellion x2  
  47  4:41  SCV  
  47  4:42  SCV  
  49  4:46  Supply Depot  
  49  4:47  Viking  
  51  4:53  SCV  
  51  4:54  SCV  
  51  4:59  Stimpack  
  53  5:05  SCV  
  53  5:06  SCV  
  55  5:08  Supply Depot  
  55  5:11  Command Center  
  55  5:17  SCV  
  55  5:18  SCV  
  55  5:20  Starport Reactor  
  57  5:22  Barracks  
  57  5:29  SCV  
  57  5:30  SCV  
  59  5:35  Factory Tech Lab  
  59  5:37  Engineering Bay x2  
  59  5:41  SCV  
  59  5:42  SCV  
  57  5:53  SCV  
  57  5:54  Siege Tank, Marine, SCV  
  57  5:56  Barracks  
  63  5:59  Refinery  
  63  6:01  Refinery  
  63  6:05  SCV  
  63  6:07  SCV  
  63  6:08  Starport Reactor  
  63  6:09  Terran Infantry Weapons Level 1, Terran Infantry Armor Level 1  
  65  6:13  Marine  
  65  6:14  Marine x2  
  65  6:17  Barracks x2  
  68  6:19  SCV  
  68  6:20  SCV  
  68  6:24  Orbital Command  
  70  6:31  SCV  
  71  6:33  Siege Tank  
  71  6:34  SCV  
  71  6:37  Marine  
  71  6:38  Marine x2  
  78  6:43  Combat Shield, Supply Depot  
  78  6:47  SCV x2  
  78  6:50  SCV  
  78  6:53  Supply Depot  
  81  6:54  Supply Depot  
  81  6:55  Marine x2  
  81  6:57  Marine  
  81  6:59  SCV  
  85  7:05  Siege Tank, SCV  
  85  7:06  SCV  
  85  7:07  Marine, Barracks Reactor  
  92  7:10  Medivac  
  92  7:11  SCV  
  92  7:15  Marine x2  
  97  7:16  Supply Depot, Marine, Barracks Reactor  
  97  7:17  Marine  
  97  7:18  SCV  
  97  7:21  Medivac  
  101  7:25  Marine  
  102  7:30  Barracks x3  
  102  7:32  Marine  
  102  7:34  Armory  
  102  7:35  SCV, Marine x2  
  102  7:36  Marine  
  102  7:37  Supply Depot  
  107  7:43  Marine  
  108  7:46  Marine x2  
  108  7:49  Siege Tank  
  108  7:50  Marine  
  114  7:53  Marine x3  
  114  7:54  Marine  
  114  7:55  Supply Depot x2  
  118  7:59  Marine  
  118  8:00  Marine  
  118  8:03  Marine  
  118  8:04  Marine  
  122  8:08  Marine  
  122  8:11  Marine x3  
  122  8:12  Marine  
  127  8:14  Supply Depot x2  
  127  8:17  Marine  
  127  8:18  Marine x3  
  127  8:19  Marine  
  132  8:21  Marine  
  131  8:27  Marine x2  
  131  8:29  Marine  
  131  8:33  Marine  
  135  8:39  Marine x3  
  135  8:40  Marine  
  120  8:42  Marine x2  
  120  8:43  SCV x2  
  120  8:44  Marine x2  
  120  8:48  Marine x2  
  113  8:50  Siege Tank, Marine  
  113  8:51  Marine, Medivac x2  
  124  8:57  Marine x4  
  124  9:00  Marine  
  124  9:02  Marine x3  
  122  9:06  Marine  
  125  9:12  Command Center  
  125  9:13  Marine  
  125  9:14  Marine x2  
  125  9:16  Marine  
  126  9:22  Marine  
  126  9:25  Marine x3  
  126  9:26  Marine x2, Terran Infantry Armor Level 2, Terran Infantry Weapons Level 2  
  126  9:30  Marine  
  126  9:31  Marine  
  132  9:32  Siege Tank, Medivac x2  
  132  9:33  Marine x3  
  132  9:34  Marine  
  143  9:40  Marine  
  143  9:43  Marine x3  
  143  9:44  Marine x2  
  149  9:48  Marine x2  
  149  9:50  Marine  
  149  9:51  Marine x2  
  149  9:52  Marine  
  155  9:57  Supply Depot  
  155  9:58  Supply Depot, Marine  
  156  10:00  Supply Depot  
  156  10:01  Marine x3  
  156  10:02  Marine x2  
  156  10:06  Marine x2  
  163  10:12  Marine  
  163  10:13  Marine x3  
  120  10:16  Marine  
  120  10:17  Siege Tank  
  120  10:18  Marine, Medivac x2  
  120  10:19  Marine x2  
  120  10:20  Marine x2  
  133  10:24  Marine x2  
  135  10:29  Orbital Command  
  135  10:30  Marine  
  135  10:31  SCV  
  137  10:37  Marine  
  137  10:38  Marine x6  
  137  10:41  SCV, Refinery  
  137  10:42  Refinery  
  145  10:48  SCV  
  149  10:52  Terran Vehicle Weapons Level 1  
  149  10:53  Marine x2  
  149  10:55  SCV x3, Marine  
  149  10:56  Marine x2  
  157  11:00  SCV  
  157  11:02  Marine, Barracks Reactor x3  
  156  11:05  Marine x3  
  156  11:07  Siege Tank  
  156  11:11  Marine x2  
  164  11:13  Marine  
  164  11:14  Marine  
  164  11:15  Marine  
  167  11:20  Marine  
  167  11:23  Marine x3  
  158  11:28  Marine x2  
  158  11:31  Marine, Medivac x2  
  158  11:32  Marine x2  
  132  11:38  Marine x7  
  132  11:39  Siege Tank  
  139  11:41  Marine x3  
  139  11:46  Marine x2  
  137  11:49  Marine x2  
  137  11:50  Marine  
  129  11:56  Marine x7  
  129  11:57  Orbital Command  
  129  11:59  Marine x3  
  124  12:04  Marine x2  
  124  12:07  Marine x2  
  124  12:08  Marine  
  128  12:13  Marine  
  128  12:14  Marine x6  
  128  12:16  Marine  
  128  12:17  Marine x2  
  128  12:22  Marine x2  
  131  12:24  Marine  
  131  12:25  Marine  
  131  12:26  Marine  
  121  12:31  Marine  
  121  12:32  Marine x6  
  121  12:34  Marine x3  
  134  12:40  Marine x2  
Show
View Real Time Build Order
Export as new Build Order

SumProduct Zerg - Winner!

Build Orders: Hatch First 

Get SALT Encoding   

  12  0:00  Drone  
  13  0:07  Drone  
  14  0:14  Extractor  
  14  0:15  Drone  
  15  0:36  Hatchery  
  15  0:40  Extractor  
  15  0:41  Drone  
  15  0:46  Overlord  
  15  1:01  Spawning Pool  
  14  1:05  Drone  
  14  1:08  Drone  
  16  1:12  Drone  
  16  1:15  Drone  
  18  1:26  Drone  
  19  1:37  Drone  
  20  1:48  Queen x2  
  20  1:50  Zergling x2  
  25  1:56  Zergling x2  
  26  2:12  Zergling x4  
  27  2:19  Zergling x2  
  28  2:34  Zergling x2  
  28  2:39  Overlord  
  28  2:57  Queen x2  
  32  3:00  Drone x3  
  32  3:01  Drone  
  36  3:12  Overlord  
  35  3:21  Drone x2  
  35  3:23  Drone  
  35  3:32  Drone x2  
  37  3:35  Drone, Hatchery  
  37  3:37  Drone  
  37  3:41  Drone x2  
  40  3:43  Drone  
  40  3:44  Extractor  
  40  3:46  Drone  
  42  3:48  Drone  
  42  3:51  Drone  
  43  3:56  Overlord  
  43  4:04  Extractor  
  43  4:05  Extractor  
  41  4:17  Drone x7  
  41  4:24  Drone  
  49  4:28  Drone x2  
  49  4:31  Hatchery  
  50  4:33  Drone  
  51  4:38  Extractor  
  51  4:43  Evolution Chamber  
  51  4:45  Drone x3, Evolution Chamber  
  51  4:49  Overlord x2  
  51  5:03  Overlord x2  
  51  5:08  Drone  
  52  5:15  Zerg Melee Weapons Level 1  
  52  5:16  Zerg Ground Armor Level 1  
  52  5:17  Hatchery  
  52  5:19  Drone  
  52  5:22  Drone  
  52  5:25  Zergling x4  
  52  5:27  Metabolic Boost  
  53  5:29  Drone  
  53  5:31  Drone  
  51  5:37  Drone  
  51  5:38  Drone  
  51  5:39  Drone  
  53  5:48  Drone x3  
  52  5:52  Drone  
  52  5:56  Drone  
  54  6:00  Drone  
  54  6:06  Baneling Nest  
  54  6:09  Drone  
  54  6:11  Drone x4  
  57  6:12  Drone  
  57  6:16  Drone x2  
  57  6:17  Drone  
  61  6:24  Lair  
  61  6:27  Drone, Baneling Nest  
  61  6:30  Drone  
  62  6:35  Drone x4  
  62  6:36  Drone  
  62  6:38  Drone  
  68  6:40  Overlord  
  68  6:43  Drone  
  69  6:53  Hatchery  
  68  6:57  Drone x3, Extractor  
  68  6:59  Drone x5  
  75  7:01  Drone  
  75  7:02  Drone  
  75  7:03  Drone  
  75  7:04  Drone  
  75  7:05  Drone  
  80  7:13  Zergling x12  
  80  7:15  Zergling x2  
  87  7:26  Centrifugal Hooks, Overlord x2  
  87  7:27  Zerg Ground Armor Level 2  
  87  7:30  Zerg Melee Weapons Level 2  
  87  7:33  Zergling x2  
  87  7:37  Overlord x3  
  88  7:43  Hydralisk Den, Drone  
  88  7:44  Queen  
  88  7:47  Zergling x10  
  88  7:49  Queen  
  88  7:50  Zergling x6  
  100  7:52  Zergling x2  
  100  7:53  Zergling x2  
  100  7:56  Zergling x2  
  100  7:57  Zergling x2  
  104  8:04  Zergling x18  
  113  8:10  Baneling x5  
  113  8:11  Baneling x4  
  113  8:14  Zergling x10  
  113  8:16  Zergling x4  
  113  8:19  Zergling x8  
  124  8:25  Muscular Augments  
  124  8:26  Drone  
  124  8:30  Baneling  
  124  8:31  Baneling x8  
  124  8:32  Zergling x16  
  130  8:34  Hydralisk  
  130  8:38  Hydralisk x2  
  130  8:40  Hydralisk  
  119  8:44  Hydralisk x3  
  119  8:48  Zergling x6  
  123  8:49  Drone  
  123  8:50  Hydralisk  
  123  8:54  Zergling x6  
  116  9:04  Zergling x20  
  116  9:06  Baneling x4  
  116  9:07  Baneling x2  
  120  9:17  Baneling x5  
  120  9:21  Zergling x18  
  122  9:25  Zergling x14  
  122  9:26  Baneling  
  122  9:27  Baneling x4  
  122  9:29  Grooved Spines  
  126  9:32  Zergling x8  
  126  9:35  Zergling x2  
  126  9:36  Zergling x6  
  134  9:41  Baneling x7, Overlord x2  
  133  9:51  Baneling x7, Overlord  
  133  9:52  Overlord x2  
  133  10:03  Hatchery  
  128  10:07  Zergling x8  
  128  10:12  Hydralisk  
  114  10:15  Zergling x2  
  114  10:16  Baneling x2, Zergling x16, Hydralisk  
  114  10:17  Hydralisk x4  
  114  10:19  Hydralisk  
  136  10:21  Zergling x2  
  136  10:23  Zergling x6  
  139  10:31  Zergling x8  
  139  10:33  Zergling x12  
  149  10:37  Queen  
  149  10:40  Baneling x5  
  149  10:41  Zergling x4  
  153  10:44  Zergling x6  
  153  10:45  Baneling x4  
  153  10:49  Hydralisk  
  156  10:50  Hydralisk  
  156  10:52  Hydralisk x2  
  156  10:54  Zergling x2  
  165  10:57  Baneling x7  
  165  10:59  Zergling x2  
  165  11:00  Zergling x2  
  165  11:01  Hydralisk  
  165  11:02  Zergling x2  
  169  11:05  Zergling x6  
  169  11:07  Hydralisk  
  169  11:08  Zergling x2  
  169  11:09  Zergling x2  
  173  11:14  Zergling x4  
  173  11:16  Hydralisk x2  
  147  11:31  Hydralisk x7  
  141  11:33  Zergling x4  
  141  11:34  Zergling x2  
  141  11:36  Zergling x2  
  141  11:39  Zergling x2, Hydralisk  
  139  11:42  Hydralisk  
  134  11:47  Zergling x10  
  134  11:49  Zergling x4  
  134  11:50  Zergling x2  
  133  12:05  Zergling x12  
  133  12:07  Drone x3  
  133  12:08  Drone x2  
  141  12:10  Hydralisk  
  141  12:11  Hydralisk  
  141  12:12  Zergling x10  
  151  12:18  Zergling x2  
  151  12:19  Zergling x2  
  147  12:26  Zergling x6  
  136  12:30  Zergling x2  
  136  12:35  Baneling x12, Hatchery  
  136  12:36  Zergling x8  
  140  12:39  Baneling x9  
Tags
 
Add a new tag
Caveats
  • Supply blocks, unpowered buildings, or Contaminate may cause inaccurate times.
  • Supply counts are checked every 10 seconds.